 Dungeon Crawl Stone Soup version 0.29.1-2-gbd0b4ee654 (webtiles) character file.

Game seed: 10815759107982550317

19776 nshep25 the Severer (level 12, -23/108 HPs)
             Began as a Minotaur Fighter on Nov 8, 2022.
             Was a High Priest of the Shining One.
             Annihilated by a titanic slime creature (59 damage)
             ... on level 12 of the Dungeon.
             The game lasted 00:28:41 (12247 turns).

nshep25 the Severer (Minotaur Fighter)             Turns: 12247, Time: 00:28:42

Health: -23/108    AC: 23    Str: 29    XL:     12   Next: 39%
Magic:  20/20      EV:  9    Int:  5    God:    the Shining One [*****.]
Gold:   864        SH: 13    Dex: 14    Spells: 11/11 levels left

rFire   + . .      SeeInvis .   a - +1 war axe
rCold   . . .      Faith    .   K - +2 buckler
rNeg    + + .      Spirit   .   F - +0 plate armour
rPois   .          Reflect  +   N - +2 hat {Stlth+}
rElec   +          Harm     .   o - +1 cloak
rCorr   .          Rampage  .   e - +0 pair of gloves
Will    +....                   S - +1 pair of boots of Cudwaoxyf {rElec rF+ Dex+4}
Stlth   ..........              l - amulet of reflection
HPRegen 0.28/turn               M - +4 ring of slaying
MPRegen 0.17/turn               R - ring "Ohept" {Contam Will+ MP+9 Str+3}

@: glowing
A: horns 2, retaliatory headbutt
a: Renounce Religion, Divine Shield, Cleansing Flame, Summon Divine Warrior


You were on level 12 of the Dungeon.
You worshipped the Shining One.
The Shining One was extremely pleased with you.
You visited 2 branches of the dungeon, and saw 13 of its levels.
You also visited: Gauntlet.

You collected 864 gold pieces.

Inventory:

Hand Weapons
 a - a +1 war axe (weapon)
 b - a +0 battleaxe of freezing
 W - the +9 staff of Olgreb {rPois∞}
   (You found it in a Gauntlet)

   If the wielder is skilled in Evocations, they can envenom those struck by it,
   dealing poison damage which bypasses armour.
   It enhances your poison magic.
   It grants immunity to poison.
   It can be activated via the 'a'bility menu to radiate toxic energy, with
   effectiveness depending on Evocations skill.
Missiles
 s - 4 boomerangs (quivered)
 H - 6 silver javelins
 T - 3 javelins
Armour
 e - a +0 pair of gloves (worn)
 o - a +1 cloak (worn)
 F - a +0 plate armour (worn)
 K - a +2 buckler (worn)
 N - a +2 hat of stealth (worn)
 S - the +1 pair of boots of Cudwaoxyf (worn) {rElec rF+ Dex+4}
   (You found it in a Gauntlet)

   Dex:       It affects your dexterity (+4).
   rF:        It protects you from fire.
   rElec:     It insulates you from electricity.
Jewellery
 h - an amulet of the acrobat
 k - a ring of fire
 l - an amulet of reflection (around neck)
 p - a +6 ring of dexterity
 v - a +4 ring of slaying
 w - a ring of protection from fire
 M - a +4 ring of slaying (left hand)
 O - a ring of poison resistance
 P - a ring of protection from fire
 R - the ring "Ohept" (right hand) {Contam Will+ MP+9 Str+3}
   (You found it in a Gauntlet)

   [ring of magical power]

   Str:       It affects your strength (+3).
   MP:        It affects your magic capacity (+9).
   Contam:    It causes magical contamination when unequipped.
   Will:      It increases your willpower.
 U - a ring of protection from fire
 Y - a ring of positive energy
Wands
 y - a wand of mindburst (9)
 C - a wand of paralysis (7)
 I - a wand of flame (15)
 L - a wand of digging (7)
Scrolls
 g - 2 scrolls of fog
 j - a scroll of enchant armour
 m - 2 scrolls of enchant weapon
 r - 10 scrolls of teleportation
 u - a scroll of amnesia
 Q - a scroll of brand weapon
 V - 3 scrolls of identify
Potions
 d - 6 potions of might
 f - 4 potions of ambrosia
 i - 5 potions of brilliance
 n - 5 potions of curing
 q - 2 potions of attraction {unknown}
 t - 3 potions of berserk rage
 z - 2 potions of heal wounds {unknown}
 A - a potion of resistance
 B - a potion of magic {unknown}
 E - 3 potions of degeneration {unknown}
 G - a potion of flight {unknown}
Miscellaneous
 X - a phantom mirror


   Skills:
 + Level 10.7 Fighting
 + Level 16.8 Axes
 + Level 3.2 Throwing
 + Level 11.3 Armour
 + Level 3.8 Dodging
 + Level 1.8 Stealth
 + Level 9.1 Shields


You had 11 spell levels left.
You didn't know any spells.
Your spell library contained the following spells:

 Spells                   Type           Power      Damage    Failure   Level
 Static Discharge         Conj/Air       0%         3-3/arc   100%        2
 Tukima's Dance           Hex            0%         N/A       100%        3
 Passage of Golubria      Tloc           0%         N/A       100%        4
 Summon Ice Beast         Ice/Summ       0%         N/A       100%        4
 Iskenderun's Battlesphe  Conj           0%         2d6       100%        5
 Lightning Bolt           Conj/Air       0%         1d11      100%        5
 Silence                  Hex/Air        0%         N/A       100%        5
 Summon Mana Viper        Hex/Summ       0%         N/A       100%        5
 Yara's Violent Unravell  Hex/Tmut       0%         3d3       100%        5
 Iron Shot                Conj/Erth      0%         9d1       100%        6
 Monstrous Menagerie      Summ           0%         N/A       100%        7
 Spellforged Servitor     Conj/Summ      0%         N/A       100%        7
 Lehudib's Crystal Spear  Conj/Erth      0%         10d2      100%        8
 Maxwell's Capacitive Co  Air            0%         ∞         100%        8


Dungeon Overview and Level Annotations

Branches:
Dungeon (12/15)            Temple (1/1) D:6            Lair (0/5) D:11
    Orc (0/2) D:12        Gauntlet (visited)

Altars:
Ashenzari
Cheibriados
Dithmenos
Elyvilon
Fedhas
Gozag
Hepliaklqana
Kikubaaqudgha
Makhleb
Nemelex Xobeh
Okawaru
Qazlal
Ru
Sif Muna
Trog
Uskayaw
Vehumet
Wu Jian
Xom
Yredelemnul
Zin
The Shining One

Annotations:
D:8 Maurice


Innate Abilities, Weirdness & Mutations

You have a pair of horns on your head.
You reflexively headbutt those who attack you in melee.


Message History

Found a black potion.
Found a stone staircase leading up.
Found 29 gold pieces.
You now have 835 gold pieces (gained 17).
z - 2 black potions (gained 1)
You now have 864 gold pieces (gained 29).
A slime creature comes into view. x2
A slime creature comes into view.
The slime creature quivers. x3
A slime creature comes into view.
A slime creature comes into view.
The slime creature quivers.
A slime creature comes into view.
The slime creature quivers.
Two slime creatures merge to form a large slime creature.
You hit the large slime creature.
The large slime creature is lightly wounded.
Two slime creatures merge to form a very large slime creature.
You slice the very large slime creature!!
The very large slime creature is lightly wounded.
You block the very large slime creature's attack.
Two slime creatures merge to form an enormous slime creature.
You slice the enormous slime creature!!
The enormous slime creature is moderately wounded.
Two slime creatures merge to form a titanic slime creature.
You slice the titanic slime creature!!
You headbutt the titanic slime creature!
The titanic slime creature is moderately wounded.
You hit the titanic slime creature.
You headbutt the titanic slime creature.
The titanic slime creature is moderately wounded.
The titanic slime creature hits you!!!!
Ouch! That really hurt!
You hit the titanic slime creature.
You headbutt the titanic slime creature!
The titanic slime creature is moderately wounded.
You block the titanic slime creature's attack.
The titanic slime creature attacks as you move away!
The titanic slime creature hits you!!!
Ouch! That really hurt!
You die...

###.# .. .########
# #.......# #.
......... .......#
#. .# #..##.
....... #.
.###..... .....
#.##.#...#.#. ....
#....##......
.J##########..#.#.
#J##..............
#@##....###.#.#.#.
#.#.....# #.......
#.#.....# #.#.#.#.
#.#.....# #.......
#.#.....# ##....##
#.#####.# ######
#.....#.#
#####.#.# #.#.#


You could see a titanic slime creature and a slime creature.

Vanquished Creatures
  Gastronok (D:11)
  A minotaur (Gauntlet)
  A centaur warrior (D:12)
  A two-headed ogre (D:11)
  Nergalle (D:11)
  2 wizards (Gauntlet)
  A manticore (D:12)
  A cyclops (D:12)
  A guardian serpent (shapeshifter) (Gauntlet)
  An ice statue (Gauntlet)
  Joseph (D:9)
  An eye of devastation (shapeshifter) (Gauntlet)
  2 gargoyles (D:12)
  A rime drake (Gauntlet)
  An unseen horror (D:11)
  2 ice devils (D:11)
  A komodo dragon (D:11)
  9 trolls
  Sigmund (D:3)
  A shadow (D:8)
  13 yaks
  A vampire (D:10)
  3 wyverns
  2 wraiths
  4 vampire mosquitoes (D:11)
  Grum (D:9)
  A steam dragon (D:8)
  Menkaure (D:6)
  2 acid dragons
  9 orc warriors
  2 sky beasts (D:7)
  5 black bears
  3 wolves (D:9)
  3 ogres
  5 centaurs
  7 phantoms
  3 kobold brigands
  Blork the orc (D:6)
  3 bullfrogs
  A gnoll sergeant (D:10)
  2 scorpions
  5 wights (D:7)
  4 killer bees
  6 howler monkeys
  7 hounds
  10 orc priests
  2 jellies
  A gnoll bouda (D:7)
  Crazy Yiuf (D:2)
  An iguana (D:5)
  13 orc wizards
  6 gnolls (D:7)
  2 adders
  4 shadow imps
  3 white imps
  2 ufetubi
  A worm (D:2)
  A dart slug (D:1)
  45 orcs
  6 ball pythons
  3 bats
  6 endoplasms
  3 giant cockroaches
  9 goblins
  13 hobgoblins
  7 jackals (D:4)
  25 kobolds
  2 quokkas
  5 frilled lizards
  3 rats
299 creatures vanquished.

Vanquished Creatures (others)
  A kobold brigand (D:9)
1 creature vanquished.

Grand Total: 300 creatures vanquished

Notes
Turn   | Place    | Note
-------+----------+-------------------------------------------
     0 | D:1      | nshep25 the Minotaur Fighter began the quest for the Orb.
     0 | D:1      | Reached XP level 1. HP: 19/19 MP: 0/0
   276 | D:1      | Found a faded altar of an unknown god.
   280 | D:1      | Reached XP level 2. HP: 24/27 MP: 1/1
  1278 | D:2      | Reached XP level 3. HP: 33/33 MP: 2/2
  1611 | D:2      | Found a runed translucent door.
  1612 | D:2      | Noticed Crazy Yiuf
  1617 | D:2      | Killed Crazy Yiuf
  1736 | D:2      | Reached XP level 4. HP: 40/40 MP: 3/3
  1868 | D:2      | Found a glowing golden altar of the Shining One.
  2025 | D:2      | Became a worshipper of the Shining One
  2065 | D:3      | Reached skill level 3 in Axes
  2109 | D:3      | Found a stormy altar of Qazlal.
  2235 | D:3      | Noticed Sigmund
  2255 | D:3      | Killed Sigmund
  2256 | D:3      | Reached skill level 4 in Axes
  2256 | D:3      | Reached skill level 5 in Armour
  2256 | D:3      | Reached skill level 1 in Stealth
  2256 | D:3      | Reached XP level 5. HP: 11/47 MP: 4/4
  3096 | D:4      | Reached XP level 6. HP: 53/53 MP: 5/5
  3387 | D:4      | Reached skill level 5 in Axes
  3393 | D:4      | Reached skill level 1 in Dodging
  3637 | D:5      | Entered Level 5 of the Dungeon
  3647 | D:5      | Reached skill level 6 in Axes
  3653 | D:5      | Reached * piety under the Shining One
  3658 | D:5      | Reached XP level 7. HP: 51/60 MP: 6/6
  3661 | D:5      | Reached skill level 5 in Fighting
  3730 | D:5      | Identified the +1 leather armour "Estrinwilero" {Str+2}
  3784 | D:5      | Reached skill level 7 in Axes
  3788 | D:5      | Reached skill level 5 in Shields
  3875 | D:5      | Found a sparkling altar of Nemelex Xobeh.
  3877 | D:5      | Reached skill level 8 in Axes
  3877 | D:5      | Reached XP level 8. HP: 68/68 MP: 7/7
  4211 | D:5      | Reached skill level 9 in Axes
  4232 | D:6      | Noticed Menkaure
  4239 | D:6      | Killed Menkaure
  4268 | D:6      | Reached ** piety under the Shining One
  4278 | D:6      | Reached skill level 10 in Axes
  4459 | D:6      | Noticed Blork the orc
  4465 | D:6      | Killed Blork the orc
  4466 | D:6      | Reached XP level 9. HP: 78/78 MP: 8/8
  4787 | D:6      | Found a staircase to the Ecumenical Temple.
  4796 | Temple   | Entered the Ecumenical Temple
  5336 | D:7      | Reached skill level 11 in Axes
  5761 | D:7      | Found a hide-covered altar of Uskayaw.
  5966 | D:7      | Reached skill level 12 in Axes
  6323 | D:8      | Reached *** piety under the Shining One
  6331 | D:8      | Reached XP level 10. HP: 83/88 MP: 9/9
  6585 | D:8      | Reached skill level 13 in Axes
  6662 | D:8      | Found a shimmering altar of Xom.
  6662 | D:8      | Found a hazy altar of Hepliaklqana.
  6662 | D:8      | Noticed Maurice
  6663 | D:8      | Found a burning altar of Makhleb.
  6984 | D:8      | Noticed a centaur warrior
  7260 | D:9      | Reached skill level 1 in Throwing
  7500 | D:9      | Noticed Grum
  7511 | D:9      | Killed Grum
  7642 | D:9      | Noticed Joseph
  7652 | D:9      | Killed Joseph
  7968 | D:9      | Identified the +5 ring mail of the Sacrificial Victim
                  | {Int+2}
  8006 | D:9      | Reached skill level 14 in Axes
  8350 | D:10     | Entered Level 10 of the Dungeon
  8486 | D:10     | Reached XP level 11. HP: 93/95 MP: 10/10
  8959 | D:10     | Found a basalt altar of Yredelemnul.
  9041 | D:10     | You fall into a shaft and drop 2 floors!
  9117 | D:11     | Noticed a two-headed ogre
  9121 | D:11     | Reached skill level 15 in Axes
  9124 | D:11     | Killed a two-headed ogre
  9138 | D:11     | Noticed Gastronok
  9201 | D:11     | Killed Gastronok
  9285 | D:11     | Noticed Nergalle
  9285 | D:11     | Reached **** piety under the Shining One
  9293 | D:11     | Killed Nergalle
  9336 | D:11     | Found a frozen archway.
  9384 | D:11     | Found a gate leading to a gauntlet.
  9389 | Gauntlet | Entered a Gauntlet
  9389 | Gauntlet | Found a transporter.
  9389 | Gauntlet | Found a transporter.
  9389 | Gauntlet | Found a runed translucent door.
  9389 | Gauntlet | Found a runed translucent door.
  9536 | Gauntlet | Found a transporter.
  9540 | Gauntlet | Found a transporter.
  9546 | Gauntlet | Noticed a fire crab
  9548 | Gauntlet | Found a transporter.
  9549 | Gauntlet | Noticed a mana viper
  9551 | Gauntlet | Noticed a sea snake
  9551 | Gauntlet | a mana viper changed into a sea snake
  9552 | Gauntlet | Found a transporter.
  9557 | Gauntlet | Noticed an entropy weaver
  9558 | Gauntlet | a sea snake changed into a slime creature
  9558 | Gauntlet | Noticed a wolf spider
  9561 | Gauntlet | Found a transporter.
  9573 | Gauntlet | Noticed a wizard
  9575 | Gauntlet | Noticed a wizard
  9577 | Gauntlet | Found a transporter.
  9591 | Gauntlet | Found a transporter.
  9595 | Gauntlet | Found a transporter.
  9636 | Gauntlet | Found a runed translucent gate.
  9636 | Gauntlet | Found a runed translucent gate.
  9636 | Gauntlet | Found a runed translucent gate.
  9642 | Gauntlet | Found a transporter.
  9646 | Gauntlet | Found a transporter.
  9723 | Gauntlet | Reached skill level 16 in Axes
  9723 | Gauntlet | Reached skill level 10 in Armour
 10035 | Gauntlet | Identified the ring "Ohept" {Contam Will+ MP+9 Str+3}
 10272 | Gauntlet | Killed a wizard
 10282 | Gauntlet | Killed a wizard
 10283 | Gauntlet | Reached skill level 10 in Fighting
 10293 | Gauntlet | Identified the +1 pair of boots of Cudwaoxyf {rElec rF+
                  | Dex+4}
 10335 | Gauntlet | Found the +9 staff of Olgreb {rPois∞}
 10335 | Gauntlet | Identified the +5 halberd "Quyba" {flame, SInv}
 10335 | Gauntlet | Noticed a minotaur
 10347 | Gauntlet | Killed a minotaur
 10348 | Gauntlet | Reached XP level 12. HP: 39/106 MP: 11/11
 10706 | D:11     | Found a staircase to the Lair.
 10729 | D:11     | Reached ***** piety under the Shining One
 11640 | D:12     | Identified the +1 leather armour "Iki Wesa" {rF+ rC+ rCorr
                  | Str-4}
 11682 | D:12     | Noticed a centaur warrior
 11690 | D:12     | Killed a centaur warrior
 12059 | D:12     | Found a staircase to the Orcish Mines.
 12247 | D:12     | Annihilated by a titanic slime creature

Illustrated notes

Levels and vault maps discovered:
D:1:      dpeg_cavernosity, layout_basic,
          hellmonk_ecumenical_altar_prayer_group,
          chequers_serial_rivers_small_3, hangedman_decor_diamond_cutter
D:2:      cheibrodos_old_hovel, layout_loops_cross, basic_altar,
          wander_ebering_terrifying_dragon_lair, uniq_crazy_yiuf_cottage
D:3:      layout_rooms, lemuel_tele_altar, minmay_misc_feat_tower,
          kennysheep_boxes, uniq_sigmund
D:4:      layout_cave_pools
D:5:      layout_basic, mainiacjoe_overflow_boulevard,
          chequers_serial_rivers_room_a, grunt_ministairs_1,
          hangedman_decor_lopped
D:6:      layout_loops_ring, lemuel_temple_firewalk_b, minivault_5,
          uniq_menkaure, uniq_blork_the_orc
D:7:      layout_gridville, general_overflow_altar
D:8:      layout_basic, nicolae_overflow_hidden_temple, lightli_corner_chamber,
          uniq_maurice
D:9:      layout_basic, uniq_grum, uniq_joseph
D:10:     layout_irregular_city, mainiacjoe_overflow_brackets,
          grunt_ministairs_14, minmay_diced_spiral
D:11:     layout_rooms, lair_entry_dummy, portal_ice_cave_demonic_guard,
          gauntlet_entry_generic, uniq_nergalle, uniq_gastronok
D:12:     layout_rooms, david_orc_4, serial_co_window_serial,
          co_window_corner_a, co_window_paths_a, co_window_corner_a,
          co_window_of_opportunity_a, co_window_paths_a, co_window_corner_a,
          co_window_paths_a, co_window_unsneaky_path_c,
          co_window_of_opportunity_c, co_window_corner_b, co_window_2corner,
          co_window_paths_c, co_window_of_opportunity_b, co_window_paths_e,
          glass_columns_c, glass_columns_c, glass_columns_a, glass_columns_b,
          glass_columns_a
Temple:   hellmonk_temple_of_storms

Skill      XL: |  1  2  3  4  5  6  7  8  9 10 11 12 |
---------------+-------------------------------------+-----
Fighting       | 4 5 6 7 8 10 | 10.7
Shields        | 4 5 6 7 8 9 |  9.1
Armour         | 4 5 6 7 8 9 10 11 | 11.3
Axes           | 4 6 8 10 12 14 16 | 16.8
Stealth        | 1 |  1.8
Dodging        | 1 2 3 |  3.8
Throwing       | 2 3 |  3.2

Action                   |  1- 3 |  4- 6 |  7- 9 | 10-12 || total
-------------------------+-------+-------+-------+-------++-------
Melee: War axe           |    63 |    85 |   107 |   281 ||   536
       Headbutt          |     5 |    14 |    33 |    88 ||   140
       Battleaxe         |       |       |    35 |    24 ||    59
Throw: Boomerang         |       |       |     7 |    23 ||    30
  Use: Scroll            |       |       |    16 |     2 ||    18
Armor: Scale mail        |    23 |    28 |    18 |       ||    69
       Chain mail        |       |       |    12 |       ||    12
       Plate armour      |       |       |    32 |   125 ||   157
Dodge: Dodged            |    38 |    63 |    71 |    81 ||   253
Block: Buckler           |    13 |    31 |    18 |   155 ||   217
       Reflection        |       |       |       |    13 ||    13
